 Dungeon Sprint DCSS version 0.29-a0-359-g541a27f54d (webtiles) character file.

Game seed: 3501211856382493175

3800000 Zeldest the Axe Maniac (level 22, -2/169 HPs)
             Began as a Tengu Warper on Apr 27, 2022.
             Was the Champion of Makhleb.
             Slain by The Servant
             ... wielding a +9 glaive of flaming
              (86 damage)
             ... in the Dungeon (Sprint VIII: "Arena of Blood").
             The game lasted 00:01:22 (38 turns).

Zeldest the Axe Maniac (Tengu Warper)                 Turns: 38, Time: 00:01:22

Health: -2/169     AC:  6    Str: 12    XL:     22   Next: 75%
Magic:  23/40      EV: 40    Int: 16    God:    Makhleb [******]
Gold:   0          SH:  0    Dex: 22    Spells: 47/47 levels left

rFire   . . .      SeeInvis .   j - +∞ Axe of Woe
rCold   . . .      Faith    .   (shield currently unavailable)
rNeg    . . .      Spirit   .   b - +0 leather armour
rPois   .          Reflect  .   (helmet restricted)
rElec   .          Harm     .   (no cloak)
rCorr   .          Rampage  .   (no gloves)
Will    +....      NoTele   +   (boots unavailable)
Stlth   ++++++++++              (no amulet)
HPRegen 0.38/turn               (no ring)
MPRegen 0.27/turn               (no ring)

@: flying quickly and evasively, quick
A: beak, talons 3, nimble flight
a: Renounce Religion, Minor Destruction, Lesser Servant of Makhleb, Major
Destruction, Greater Servant of Makhleb


You were in the Dungeon.
You worshipped Makhleb.
Makhleb was exalted by your worship.
You visited 1 branch

Inventory:

Hand Weapons
 a - a +0 hand axe
 j - the +∞ Axe of Woe (weapon)
   (You found it in the Dungeon)
Missiles
 d - 7 boomerangs of dispersal (quivered)
Armour
 b - a +0 leather armour (worn)
Scrolls
 c - 2 scrolls of blinking
Potions
 e - a potion of curing
 f - a potion of heal wounds
 g - a potion of haste
 h - 2 potions of magic
 i - a potion of berserk rage


   Skills:
 O Level 27 Fighting
 + Level 15.1(17.8) Short Blades
 + Level 15.3(17.9) Long Blades
 O Level 27 Axes
 + Level 15.2(24.3) Maces & Flails
 + Level 15.4(24.4) Polearms
 + Level 15.3(20.0) Staves
 + Level 14.1(16.5) Slings
 + Level 15.3 Bows
 + Level 15.4 Crossbows
 + Level 14.1(16.5) Throwing
 O Level 27 Armour
 O Level 27 Dodging
 O Level 27 Stealth
 + Level 14.1 Shields
 + Level 15.2 Unarmed Combat
 + Level 13.3 Spellcasting
 + Level 17.6 Conjurations
 + Level 10.9 Hexes
 + Level 16.6 Summonings
 + Level 15.3 Necromancy
 + Level 12.2 Translocations
 + Level 12.0 Transmutations
 + Level 15.1 Fire Magic
 + Level 13.0 Ice Magic
 + Level 17.8 Air Magic
 + Level 10.8 Earth Magic
 + Level 14.3 Poison Magic
 * Level 19.3 Invocations
 + Level 14.0 Evocations


You had 47 spell levels left.
You didn't know any spells.
Your spell library contained the following spells:

 Spells                   Type           Power      Damage    Failure   Level
 Blink                    Tloc           98%        N/A       1%          2
 Gell's Gravitas          Tloc           49%        N/A       1%          3
 Lesser Beckoning         Tloc           49%        N/A       1%          3
 Teleport Other           Tloc           49%        N/A       1%          3
 Manifold Assault         Tloc           49%        N/A       1%          5


Dungeon Overview and Level Annotations

Branches:
Dungeon (1/1)

Altars:
Makhleb

Annotations:
D The Servant


Innate Abilities, Weirdness & Mutations

You have a beak for a mouth.
You have claws for feet.
Your magical nature lets you fly swiftly and evasively.


Message History

Your base Long Blades skill increases to level 15!
Your base Maces & Flails skill increases to level 15!
Your base Polearms skill increases to level 15!
Your base Staves skill increases to level 15!
Your base Slings skill increases to level 14!
Your Bows skill increases to level 15!
Your Crossbows skill increases to level 15!
Your base Throwing skill increases to level 14!
Your Shields skill increases to level 14!
Your Unarmed Combat skill increases to level 15!
Your Spellcasting skill increases to level 13!
Your Conjurations skill increases to level 17!
Your Summonings skill increases to level 16!
Your Necromancy skill increases to level 15!
Your Translocations skill increases to level 12!
Your Transmutations skill increases to level 12!
Your Fire Magic skill increases to level 15!
Your Ice Magic skill increases to level 13!
Your Poison Magic skill increases to level 14!
Your Invocations skill increases to level 19!
Your Evocations skill increases to level 14!
You slice the destroyer!!
You dissect the destroyer like a pig carcass.
You destroy the destroyer!
Makhleb accepts your kill.
You feel better.
You hear a shout! x2
The bag of meat is engulfed in blazing flames.
The destroyer gestures at you while chanting.
The destroyer blinks!
A bag of meat comes into view. It is wielding a +9 war axe.
The bag of meat is engulfed in blazing flames.
You hear a shout!
The bag of meat is engulfed in blazing flames.
A meat berserker comes into view. It is wielding a +9 battleaxe.
You hear a shout!
The Servant is engulfed in blazing flames.
The Servant hits you from afar with a +9 glaive of flaming!!!!
Ouch! That really hurt!
You die...

o.o................
o#.o................
.O#o...... #.......#
.oo.o#o... #.o.....#
..#.o....###.......###.
.oO.ooO§.).)z.###......
....oo#o))))).._......
....#.§§§§))#.....#.
#..o.)@oo).#_.<._#
....#.)o§O.o#.....#
....oO#@§§.o..._......
....o.o.......###......
O..o.....###.... ..###.
oo..V..... #.......#
O..§...... #..... .#
o.#............. ..
......


You could see The Servant, a destroyer, a sculptor of flesh, 2 large bags of
meat, 5 meat berserkers and 28 bags of meat.

Vanquished Creatures
  3 vampire knights (D)
  15 ogres (D)
  3 two-headed ogres (D)
  28 orcs (D)
  A skeletal warrior (D)
50 creatures vanquished.

Notes
Turn   | Place    | Note
-------+----------+-------------------------------------------
     0 | D        | Found the +∞ Axe of Woe
     0 | D        | Zeldest the Tengu Warper began the quest for the Orb.
     0 | D        | Reached XP level 1. HP: 12/12 MP: 4/4
     1 | D        | Noticed a bag of meat
     3 | D        | Noticed a meat berserker
     3 | D        | Became a worshipper of Makhleb the Destroyer
     4 | D        | Noticed a bag of meat
     4 | D        | Noticed a bag of meat
     7 | D        | Noticed a bag of meat
     7 | D        | Noticed a bag of meat
     7 | D        | Noticed a bag of meat
     7 | D        | Noticed a bag of meat
     8 | D        | Noticed a bag of meat
     8 | D        | Noticed a bag of meat
     9 | D        | Killed a meat berserker
     9 | D        | Noticed a meat berserker
     9 | D        | Noticed a meat berserker
    10 | D        | Reached XP level 2. HP: 31/31 MP: 6/6
    10 | D        | Reached XP level 3. HP: 36/36 MP: 7/7
    10 | D        | Reached XP level 4. HP: 41/41 MP: 8/8
    10 | D        | Gained mutation: Your magical nature lets you fly swiftly
                  | and evasively. [Tengu growth]
    10 | D        | Reached XP level 5. HP: 46/46 MP: 9/9
    10 | D        | Reached XP level 6. HP: 52/52 MP: 10/10
    10 | D        | Reached XP level 7. HP: 56/56 MP: 11/11
    10 | D        | Reached XP level 8. HP: 62/62 MP: 12/12
    10 | D        | Reached XP level 9. HP: 67/67 MP: 13/13
    10 | D        | Reached XP level 10. HP: 72/72 MP: 14/14
    10 | D        | Reached XP level 11. HP: 76/76 MP: 15/15
    10 | D        | Reached XP level 12. HP: 82/82 MP: 16/16
    10 | D        | Killed a bag of meat
    10 | D        | Reached * piety under Makhleb
    10 | D        | Killed a bag of meat
    11 | D        | Reached skill level 15 in Armour
    11 | D        | Reached skill level 15 in Dodging
    11 | D        | Reached skill level 15 in Stealth
    11 | D        | Reached XP level 13. HP: 91/91 MP: 17/17
    11 | D        | Killed a bag of meat
    11 | D        | Killed a bag of meat
    11 | D        | Reached ** piety under Makhleb
    11 | D        | Noticed a meat berserker
    11 | D        | Noticed a bag of meat
    12 | D        | Reached XP level 14. HP: 100/100 MP: 18/18
    12 | D        | Killed a bag of meat
    13 | D        | Killed a bag of meat
    13 | D        | Killed a meat berserker
    13 | D        | Reached *** piety under Makhleb
    13 | D        | Noticed a bag of meat
    14 | D        | Reached XP level 15. HP: 108/108 MP: 19/19
    14 | D        | Killed a meat berserker
    15 | D        | Reached skill level 27 in Axes
    15 | D        | Killed a meat berserker
    15 | D        | Reached **** piety under Makhleb
    15 | D        | Noticed a meat berserker
    16 | D        | Reached XP level 16. HP: 111/121 MP: 20/20
    16 | D        | Noticed a meat berserker
    16 | D        | Noticed a meat berserker
    17 | D        | Noticed a meat berserker
    18 | D        | Noticed a meat berserker
    19 | D        | Reached ***** piety under Makhleb
    19 | D        | Noticed a meat berserker
    19 | D        | Noticed a meat berserker
    20 | D        | Noticed a large bag of meat
    20 | D        | Noticed a meat berserker
    20 | D        | Noticed a meat berserker
    21 | D        | Reached XP level 17. HP: 131/131 MP: 21/21
    21 | D        | Killed a meat berserker
    21 | D        | Noticed a meat berserker
    23 | D        | Killed a meat berserker
    23 | D        | Noticed a large bag of meat
    24 | D        | Reached skill level 27 in Armour
    24 | D        | Reached skill level 27 in Dodging
    24 | D        | Killed a meat berserker
    25 | D        | Reached skill level 27 in Fighting
    25 | D        | Reached skill level 27 in Stealth
    25 | D        | Reached XP level 18. HP: 145/145 MP: 21/24
    26 | D        | Reached skill level 5 in Conjurations
    26 | D        | Reached skill level 5 in Air Magic
    26 | D        | Reached skill level 5 in Invocations
    26 | D        | Killed a meat berserker
    26 | D        | Reached ****** piety under Makhleb
    26 | D        | Killed a meat berserker
    27 | D        | Reached skill level 5 in Slings
    27 | D        | Reached skill level 5 in Throwing
    27 | D        | Reached skill level 5 in Shields
    27 | D        | Reached skill level 5 in Spellcasting
    27 | D        | Reached skill level 5 in Translocations
    27 | D        | Reached skill level 5 in Ice Magic
    27 | D        | Reached skill level 5 in Poison Magic
    27 | D        | Reached skill level 5 in Evocations
    27 | D        | Noticed a destroyer
    27 | D        | Killed a meat berserker
    27 | D        | Killed a meat berserker
    27 | D        | Killed a meat berserker
    27 | D        | Killed a meat berserker
    28 | D        | Reached skill level 10 in Summonings
    28 | D        | Reached XP level 19. HP: 151/151 MP: 21/32
    28 | D        | Reached XP level 20. HP: 157/157 MP: 21/33
    28 | D        | Noticed a large bag of meat
    28 | D        | Noticed a destroyer
    29 | D        | Noticed The Servant
    29 | D        | Killed a meat berserker
    30 | D        | Reached skill level 10 in Short Blades
    30 | D        | Reached skill level 10 in Long Blades
    30 | D        | Reached skill level 10 in Maces & Flails
    30 | D        | Reached skill level 10 in Polearms
    30 | D        | Reached skill level 10 in Staves
    30 | D        | Reached skill level 10 in Bows
    30 | D        | Reached skill level 10 in Crossbows
    30 | D        | Reached skill level 10 in Unarmed Combat
    30 | D        | Reached skill level 10 in Necromancy
    30 | D        | Reached skill level 10 in Fire Magic
    30 | D        | Noticed a meat berserker
    30 | D        | Noticed a large bag of meat
    31 | D        | Reached skill level 10 in Slings
    31 | D        | Reached skill level 10 in Shields
    32 | D        | Reached skill level 10 in Throwing
    32 | D        | Reached skill level 10 in Poison Magic
    32 | D        | Reached skill level 10 in Evocations
    32 | D        | Killed a large bag of meat
    33 | D        | Reached skill level 10 in Spellcasting
    33 | D        | Reached skill level 10 in Ice Magic
    33 | D        | Reached skill level 15 in Invocations
    33 | D        | Reached XP level 21. HP: 143/163 MP: 22/36
    33 | D        | Noticed a meat berserker
    33 | D        | Noticed a meat berserker
    34 | D        | Reached skill level 10 in Translocations
    34 | D        | Noticed a destroyer
    34 | D        | Noticed a meat berserker
    35 | D        | Noticed a meat berserker
    35 | D        | Killed a destroyer
    35 | D        | Killed a large bag of meat
    36 | D        | Reached skill level 15 in Conjurations
    36 | D        | Reached skill level 15 in Summonings
    36 | D        | Reached skill level 10 in Transmutations
    36 | D        | Killed a meat berserker
    36 | D        | Killed a large bag of meat
    36 | D        | Noticed a destroyer
    37 | D        | Reached skill level 10 in Hexes
    37 | D        | Reached skill level 10 in Earth Magic
    37 | D        | Reached XP level 22. HP: 145/169 MP: 23/39
    37 | D        | Noticed a large bag of meat
    37 | D        | Killed a destroyer
    38 | D        | Reached skill level 15 in Short Blades
    38 | D        | Reached skill level 15 in Long Blades
    38 | D        | Reached skill level 15 in Maces & Flails
    38 | D        | Reached skill level 15 in Polearms
    38 | D        | Reached skill level 15 in Staves
    38 | D        | Reached skill level 15 in Bows
    38 | D        | Reached skill level 15 in Crossbows
    38 | D        | Reached skill level 15 in Unarmed Combat
    38 | D        | Reached skill level 15 in Necromancy
    38 | D        | Reached skill level 15 in Fire Magic
    38 | D        | Killed a destroyer
    38 | D        | Slain by The Servant

Illustrated notes

Levels and vault maps discovered:
D:        meatsprint

Skill      XL: |  1  2  3  4  5  6  7  8  9 10 11 12 13 14 15 16 17 18 19 20 21 22 |
---------------+-------------------------------------------------------------------+-----
Fighting       | 12 14 16 18 21 23 27 | 27.0
Axes           | 18 21 23 26 27 | 27.0
Armour         | 13 15 17 19 22 25 27 | 27.0
Dodging        | 13 15 17 19 22 25 27 | 27.0
Stealth        | 13 15 17 19 22 24 27 | 27.0
Short Blades   | 3 9 11 14 15 | 15.1
Long Blades    | 3 9 12 14 15 | 15.3
Maces & Flails | 3 9 12 14 15 | 15.2
Polearms       | 3 9 12 14 15 | 15.4
Staves         | 3 9 12 14 15 | 15.3
Slings         | 3 8 11 13 14 | 14.1
Bows           | 3 9 12 14 15 | 15.3
Crossbows      | 3 9 12 14 15 | 15.4
Throwing       | 3 8 11 13 14 | 14.1
Shields        | 3 8 11 13 14 | 14.1
Unarmed Combat | 3 9 12 14 15 | 15.2
Spellcasting   | 3 8 10 12 13 | 13.3
Conjurations   | 4 11 14 16 17 | 17.6
Hexes          | 2 6 8 10 | 10.9
Summonings     | 3 10 13 15 16 | 16.6
Necromancy     | 3 9 12 14 15 | 15.3
Translocations | 3 7 9 11 12 | 12.2
Transmutations | 2 7 9 11 12 | 12.0
Fire Magic     | 3 9 11 14 15 | 15.1
Ice Magic      | 3 8 10 12 13 | 13.0
Air Magic      | 4 11 14 17 | 17.8
Earth Magic    | 2 6 8 10 | 10.8
Poison Magic   | 3 8 11 13 14 | 14.3
Invocations    | 4 12 15 18 19 | 19.3
Evocations     | 3 8 11 13 14 | 14.0

Action                   |  1- 3 |  4- 6 |  7- 9 | 10-12 | 13-15 | 16-18 | 19-21 | 22-24 || total
-------------------------+-------+-------+-------+-------+-------+-------+-------+-------++-------
Melee: Executioner's axe |     1 |       |       |     1 |     5 |    10 |     7 |     2 ||    26
Dodge: Dodged            |       |       |       |       |       |       |     2 |       ||     2

Table legend: (Time is in decaauts)
 A = Elapsed time spent in this place.
 B = Non-inter-level travel time spent in this place.
 C = Inter-level travel time spent in this place.
 D = Time resting spent in this place.
 E = Time spent auto-exploring this place.
 F = Levels seen in this place.
 G = Mean time per level.
                   A        B        C        D        E       F      G
               +--------+--------+--------+--------+--------+-----+--------+
         Total |     31 |     31 |      0 |      0 |      0 |   1 |   31.0 |
       Dungeon |     31 |     31 |      0 |      0 |      0 |   1 |   31.0 |
               +--------+--------+--------+--------+--------+-----+--------+

Top non-repeatable levels by time:
       D: 31 daAuts
